 Dungeon Crawl Stone Soup version 0.25.1-2-g60ff931df9 (webtiles) character file.

Game seed: 6799439301345559117

98 Ivernyr the Digger (level 4, -3/39 HPs)
             Began as a Troll Earth Elementalist on Oct 14, 2020.
             Was an Initiate of Cheibriados.
             Splashed by a jelly's acid (8 damage)
             ... on level 4 of the Dungeon.
             The game lasted 00:05:00 (2360 turns).

Ivernyr the Digger (Troll Earth Elementalist)       Turns: 2360, Time: 00:05:01

Health: -3/39      AC:  2    Str: 17    XL:     4   Next: 43%
Magic:  5/5        EV: 10    Int: 13    God:    Cheibriados [......]
Gold:   286        SH:  0    Dex: 11    Spells: 3/6 levels left

rFire    . . .     SeeInvis +   (no weapon)
rCold    . . .     Gourm    +   (no shield)
rNeg     . . .     Faith    .   c - +0 robe
rPois    .         Spirit   .   (helmet restricted)
rElec    .         Reflect  .   (no cloak)
rCorr    .         Harm     .   (gloves unavailable)
MR       +....                  (boots unavailable)
Stlth    +.........             (no amulet)
HPRegen  0.53/turn              f - ring of see invisible
MPRegen  0.09/turn              q - ring of protection from magic

@: corroded, very slow
A: large, unfitting armour, claws 3, fast metabolism 3, gourmand, regeneration
1, shaggy fur 1, tough skin 3
a: Bend Time, Renounce Religion


You were on level 4 of the Dungeon.
You worshipped Cheibriados.
Cheibriados was noncommittal.
You were full.

You visited 1 branch of the dungeon, and saw 4 of its levels.

You collected 286 gold pieces.

Inventory:

Missiles
 b - 156 stones (quivered)
Armour
 c - a +0 robe (worn)
Jewellery
 f - a ring of see invisible (left claw)
 l - an uncursed ring of positive energy
 q - a ring of protection from magic (right claw)
Scrolls
 h - 2 scrolls of magic mapping {unknown}
 n - a scroll of enchant weapon {unknown}
 o - a scroll of identify {unknown}
 p - a scroll of blinking {unknown}
 s - a scroll of fear {unknown}
Potions
 a - 2 potions of invisibility {unknown}
 e - 2 potions of brilliance {unknown}
 g - a potion of flight {unknown}
 i - a potion of ambrosia {unknown}
 j - a potion of stabbing {unknown}
 k - a potion of heal wounds {unknown}
 m - 2 potions of lignification {unknown}
 r - a potion of cancellation {unknown}
 t - 2 potions of magic {unknown}
Comestibles
 d - 5 rations


   Skills:
 + Level 2.3 Dodging
 - Level 1.0 Stealth
 + Level 1.8 Spellcasting
 - Level 0.6 Transmutations
 * Level 3.9 Earth Magic


You had 3 spell levels left.
You knew the following spells:

 Your Spells              Type           Power        Failure   Level  Hunger
a - Sandblast             Erth           ##....       5%          1    ##.....
b - Passwall              Tmut/Erth      #.......     16%         2    ###....

Your spell library contained the following spells:

 Spells                   Type           Power        Failure   Level  Hunger
 Stone Arrow              Conj/Erth      #.....       34%         3    ####...
 Petrify                  Tmut/Erth      #.......     71%         4    #####..
 Lee's Rapid Deconstruct  Erth           ##........   82%         5    ######.


Dungeon Overview and Level Annotations

Branches:
Dungeon (4/15)
 Temple: D:4-7

Altars:
Cheibriados
Elyvilon
Gozag
Kikubaaqudgha
Ru


Innate Abilities, Weirdness & Mutations

You are too large for most types of armour.
You have claws for hands.
Your metabolism is lightning-fast.
You like to eat raw meat.
Your natural rate of healing is unusually fast.
You are covered in fur. (AC +1)
You have extremely tough skin. (AC +3)


Message History

The orc wizard gestures wildly while chanting.
The orc wizard seems to speed up.
The jelly barely misses you.
You hear an angry hiss.
A leopard gecko comes into view.
The leopard gecko hisses menacingly.
The orc wizard casts a cantrip, but nothing happens.
The leopard gecko bites you. The jelly hits you.
You are splashed with acid!
* * * LOW HITPOINT WARNING * * *
The orc wizard gestures at you while chanting.
The puff of frost hits you!
* * * LOW HITPOINT WARNING * * *
The leopard gecko barely misses you. The leopard gecko closely misses you.
There is a stone staircase leading up here.
The orc wizard looks satisfied for a moment.
The jelly hits you.
* * * LOW HITPOINT WARNING * * *
You are splashed with acid!
You die...

#.#.#........
#.............
#.#...........
#.#...........
##...........# ..
#............# ...
#............# .>.>
#.#.........## #<..##
#.#..ol@.....#
......##.#..ZJo.....#
#.....#.............#
..#.###................
...........l...........
....................#.#
......#............## .
l.........#..#######
...............


You could see a jelly, an orc wizard (fast), an orc, 2 leopard geckos and an
adder skeleton.

Vanquished Creatures
  5 adders
  3 dart slugs
  A leopard gecko (D:2)
  A ball python (D:4)
  3 giant cockroaches
  10 goblins
  4 hobgoblins
  6 kobolds
  2 quokkas (D:3)
  2 bats (D:2)
  2 frilled lizards
  6 rats
45 creatures vanquished.

Notes
Turn   | Place    | Note
-------+----------+-------------------------------------------
     0 | D:1      | Ivernyr the Troll Earth Elementalist began the quest for
                  | the Orb.
     0 | D:1      | Reached XP level 1. HP: 16/16 MP: 1/1
   190 | D:1      | Reached skill level 3 in Earth Magic
   190 | D:1      | Reached XP level 2. HP: 24/24 MP: 3/3
   725 | D:2      | Reached XP level 3. HP: 23/31 MP: 4/4
   824 | D:2      | Found a sacrificial altar of Ru.
  1105 | D:2      | Learned a level 2 spell: Passwall
  1112 | D:2      | Found an opulent altar of Gozag.
  1439 | D:2      | Reached XP level 4. HP: 39/39 MP: 5/5
  1540 | D:2      | Found an ancient bone altar of Kikubaaqudgha.
  1901 | D:3      | Found a snail-covered altar of Cheibriados.
  1912 | D:3      | Became a worshipper of Cheibriados the Contemplative
  2169 | D:3      | Found a white marble altar of Elyvilon.
  2360 | D:4      | Splashed by a jelly's acid

Illustrated notes

Levels and vault maps discovered:
D:1:      minmay_arrival_open_corners, layout_basic
D:2:      layout_basic, old_standard_altar, lemuel_doored_altar,
          overflow_temple_1_default, first_ration, roderic_roman_lattice,
          minmay_heptomino_h4
D:3:      layout_basic, overflow_temple_1_default, kennysheep_slug_shrine
D:4:      layout_rooms, makhleb_blood_cavern_becter, minmay_distorted

Skill      XL: |  1  2 |
---------------+-------+-----
Earth Magic    | 3 |  3.9
Dodging        | 2 |  2.3
Stealth        | |  1.0
Spellcasting   | |  1.8
Transmutations | |  0.6

Action                   |  1- 3 |  4- 6 || total
-------------------------+-------+-------++-------
Melee: Unarmed           |   119 |    40 ||   159
 Stab: Sleeping          |     1 |       ||     1
  Eat: Chunk             |    19 |     5 ||    24
Armor: Robe              |    44 |    14 ||    58
Dodge: Dodged            |    58 |    18 ||    76
